 Dungeon Crawl Stone Soup version 0.18.1-48-g4cf74bf (webtiles) character file.

23 Mesmaeker13 the Caller (level 3, -2/24 HPs)
             Began as a Merfolk Summoner on July 5, 2016.
             Slain by Sigmund
             ... wielding a +0 scythe
              (13 damage)
             ... on level 2 of the Dungeon.
             The game lasted 00:02:26 (1284 turns).

Mesmaeker13 the Caller (Merfolk Summoner)           Turns: 1284, Time: 00:02:26

Health: -2/24      AC:  2    Str: 14    XL:     3   Next: 0%
Magic:  0/6        EV: 13    Int: 14    God:
Gold:   67         SH:  0    Dex: 14    Spells: 2 memorised, 3 levels left

rFire  . . .     SeeInvis .     d - +0 dagger
rCold  . . .     Gourm    .     a - +0 robe
rNeg   . . .     Faith    .     (no shield)
rPois  .         Spirit   .     (no helmet)
rElec  .         Dismiss  .     (no cloak)
rCorr  .         Reflect  .     (no gloves)
SustAt .         Harm     .     (no boots)
MR     .....                    (no amulet)
Stlth  +.........               (no ring)
                                (no ring)

@: confused, mighty, very slightly contaminated, not resistant to hostile
enchantments, very unstealthy
A: change form in water, swift swim
a: no special abilities


You were on level 2 of the Dungeon.
You were hungry.

You visited 1 branch of the dungeon, and saw 2 of its levels.

You collected 67 gold pieces.

Inventory:

Hand Weapons
 d - a +0 dagger (weapon)
Missiles
 k - 17 poisoned needles
Armour
 a - a +0 robe (worn)
Scrolls
 h - 2 scrolls of identify {unknown}
Potions
 e - a potion of might
 f - a potion of haste {unknown}
 g - 2 potions of agility {unknown}
Books
 b - a book of Callings

   Spells                             Type                      Level
   a - Summon Small Mammal            Summoning                    1
   b - Call Imp                       Summoning                    2
   c - Call Canine Familiar           Summoning                    3
   d - Summon Guardian Golem          Hexes/Summoning              3
   e - Summon Lightning Spire         Summoning/Air                4
   f - Summon Ice Beast               Ice/Summoning                4
Comestibles
 c - a bread ration
 i - a beef jerky
 j - a chunk of flesh


   Skills:
 - Level 2.6 Dodging
 - Level 2.1 Stealth
 - Level 2.0 Spellcasting
 + Level 4.8 Summonings


You had 3 spell levels left.
You knew the following spells:

 Your Spells              Type           Power        Failure   Level  Hunger
a - Summon Small Mammal   Summ           ###.         3%          1    ##.....
b - Call Imp              Summ           ###.....     6%          2    ###....


Dungeon Overview and Level Annotations

Branches:
Dungeon (2/15)

Altars:

Annotations:
D:2 Sigmund


Message History

Your crimson imp dies!
Casting: Call Imp
Confirm with . or Enter, or press ? or * to list all spells.
You miscast Call Imp.
You are very lightly contaminated with residual magic.
Strange energies run through your body.
Your iron imp hits Sigmund!
Casting: Call Imp
Confirm with . or Enter, or press ? or * to list all spells.
You don't have enough magic to cast that spell.
Drink which item? (? for menu, Esc to quit)
It was a potion of might.
You feel very mighty all of a sudden.
Sigmund points at you and mumbles some strange words.
You are confused.
Your iron imp misses Sigmund.
Sigmund casts a spell at you. You resist with significant effort.
Your iron imp misses Sigmund.
Sigmund hits you with a scythe!
Ouch! That really hurt!
You die...

....# #......#
###.### #......#
#...###......#
#....##..#.### .#
####.....#..)# #.#
##.....##.# #.#
##....##.# #.##
#.#####.###..#####
#.# ##..@@......##
..#
##.....5......##
###
#..............#
#.....$........#
#..............#
#..............#
#..............#
##....>.......##
##..........##


You could see Sigmund and a friendly iron imp.

Vanquished Creatures
  A worm (D:2)
  A giant gecko (D:2)
  2 goblins (D:1)
  3 hobgoblins (D:1)
  3 jackals (D:2)
  2 bats (D:1)
  2 giant newts (D:1)
  3 rats (D:1)
17 creatures vanquished.

Vanquished Creatures (collateral kills)
  A goblin (D:2)
  A hobgoblin (D:1)
  A jackal (D:2)
  A kobold (D:1)
  A rat (D:2)
5 creatures vanquished.

Grand Total: 22 creatures vanquished

Notes
Turn   | Place    | Note
--------------------------------------------------------------
     0 | D:1      | Mesmaeker13 the Merfolk Summoner began the quest for the Orb.
     0 | D:1      | Reached XP level 1. HP: 13/13 MP: 3/3
   206 | D:1      | Reached XP level 2. HP: 12/19 MP: 1/5
  1211 | D:2      | Learned a level 2 spell: Call Imp
  1266 | D:2      | Noticed Sigmund
  1273 | D:2      | Reached XP level 3. HP: 17/24 MP: 1/6
  1284 | D:2      | Slain by Sigmund

Action                   || total
-------------------------++-------
Melee: Dagger            ||    68
       Unarmed           ||     4
 Cast: Summon Small Mamm ||    13
       Call Imp          ||     3
  Use: Potion            ||     1
 Stab: Sleeping          ||     5
       Distracted        ||     1
  Eat: Chunk             ||     1
Armor: Robe              ||    14
Dodge: Dodged            ||    58
